 Dungeon Crawl Stone Soup version 0.27-a0-538-g15ff5c5295 (webtiles) character file.

Game seed: 5653046948421192820

175 sahdkjhfkaj the Chopper (level 5, -1/61 HPs)
             Began as a Demonspawn Abyssal Knight on Mar 6, 2021.
             Was a Believer of Lugonu.
             Killed by divine providence
             ... invoked by an orc priest
              (16 damage)
             ... on level 4 of the Dungeon.
             The game lasted 00:02:56 (4036 turns).

sahdkjhfkaj the Chopper (Demonspawn Abyssal Knight) Turns: 4036, Time: 00:02:57

Health: -1/61      AC: 22    Str: 13    XL:     5   Next: 29%
Magic:  6/6        EV:  2    Int: 14    God:    Lugonu [**....]
Gold:   93         SH:  6    Dex: 12    Spells: 4/4 levels left

rFire    . . .     SeeInvis .     - Unarmed
rCold    . . .     Faith    .   l - +0 kite shield
rNeg     + + +     Spirit   .   (armour currently unavailable)
rPois    +         Reflect  .   (helmet currently unavailable)
rElec    .         Harm     .   (cloak currently unavailable)
rCorr    .         Rampage  .   (gloves currently unavailable)
Will     .....     NoTele   +   (boots currently unavailable)
Stlth    +.........             (no amulet)
HPRegen  0.20/turn              (no ring)
MPRegen  0.10/turn              (no ring)

@: tree-form
A: foul stench 1
a: Renounce Religion, Depart the Abyss, Bend Space


You were on level 4 of the Dungeon.
You worshipped Lugonu.
Lugonu was pleased with you.
You were a tree.
You visited 1 branch of the dungeon, and saw 4 of its levels.
You visited the Abyss 1 time.

You collected 93 gold pieces.

Inventory:

Missiles
 c - 55 stones (quivered)
Armour
 b - a +0 chain mail (melded)
 l - a +0 kite shield (worn)
 o - a +1 pair of gloves (melded)
Scrolls
 a - a scroll of enchant armour {unknown}
 d - a scroll of immolation
 e - a scroll of enchant weapon
 j - a scroll of blinking
 k - 2 scrolls of teleportation
 m - a scroll of amnesia
 n - a scroll of fog
Potions
 f - a potion of brilliance
 i - a potion of heal wounds {unknown}


   Skills:
 - Level 3.0 Fighting
 - Level 4.0 Axes
 - Level 1.7 Armour
 - Level 0.8 Dodging
 + Level 2.9 Unarmed Combat
 - Level 2.4 Invocations


You had 4 spell levels left.
You didn't know any spells.
Your spell library was empty.

Dungeon Overview and Level Annotations

Branches:
Dungeon (4/15)
 Temple: D:4-7

Altars:
Hepliaklqana
Sif Muna


Innate Abilities, Weirdness & Mutations

((You have a pair of horns on your head.))
You may rarely emit foul miasma when damaged in melee.


Message History

You hit the orc priest but do no damage.
You headbutt the orc priest, but do no damage.
The orc priest hits you. The orc hits you but does no damage.
The orc wizard hits you but does no damage.
You hit the orc priest. Your headbutt misses the orc priest.
The orc priest is lightly wounded.
The orc priest hits you but does no damage.
The orc hits you but does no damage.
The orc wizard gestures at you while chanting.
You are confused.
You are too confused!
You are too confused!
Unknown command.
You're too confused to move!
The orc priest hits you but does no damage.
The orc hits you but does no damage.
The orc wizard hits you but does no damage.
The orc priest calls down the wrath of Beogh upon you.
Beogh smites you! The orc hits you but does no damage.
Found a scroll of enchant weapon.
The orc wizard gestures at itself while chanting.
The orc wizard flickers and vanishes!
Deactivating autopickup; reactivate with Ctrl-A.
You bump into the rock wall.
The orc hits you but does no damage.
You bump into the rock wall.
You feel less confused. The orc priest hits you. You block the orc's attack.
Something hits you but does no damage.
The orc priest invokes the aid of Beogh against you.
Beogh smites you!
* * * LOW HITPOINT WARNING * * *
You feel better. You block something's attack.
It was a potion of lignification.
You turn into a tree.
Your +1 pair of gloves melds into your body.
Your +0 chain mail melds into your body.
Your roots penetrate the ground.
Something hits you but does no damage.
You closely miss something. Something hits you but does no damage.
The orc priest calls down the wrath of Beogh upon you.
Beogh smites you!
You die...

.. ....? .....
#####..... #........
#........ #....#
###.#######....###.##
.......♣{o.....(.....
###..####o.........#
... ##.#.######.# #
#<.#.# #..#.# #..#.#
#..... #..#.# #.....


You could see an orc priest and an orc.

Vanquished Creatures
  A hound (D:2)
  7 adders
  An ooze (D:1)
  3 worms (D:2)
  2 dart slugs
  An orc (D:3)
  A ball python (D:1)
  9 bats
  8 goblins
  7 hobgoblins
  2 jackals (D:2)
  7 kobolds
  A quokka (D:2)
  5 frilled lizards
  A quokka skeleton (D:3)
  11 rats
67 creatures vanquished.

Notes
Turn   | Place    | Note
-------+----------+-------------------------------------------
     0 | Abyss:1  | sahdkjhfkaj the Demonspawn Abyssal Knight began the quest
                  | for the Orb.
     0 | Abyss:1  | Reached XP level 1. HP: 18/18 MP: 2/2
     0 | D:1      | Escaped the Abyss
    24 | D:1      | Reached skill level 2 in Axes
   121 | D:1      | Gained mutation: You have a pair of small horns on your
                  | head. [demonic ancestry]
   121 | D:1      | Reached XP level 2. HP: 5/24 MP: 3/3
   123 | D:1      | Reached * piety under Lugonu
   475 | D:1      | Reached skill level 3 in Axes
   575 | D:1      | Reached XP level 3. HP: 28/29 MP: 4/4
  1247 | D:2      | Reached skill level 4 in Axes
  1247 | D:2      | Gained mutation: You may rarely emit foul miasma when
                  | damaged in melee. [demonic ancestry]
  1247 | D:2      | Reached XP level 4. HP: 22/35 MP: 5/5
  1706 | D:2      | Reached skill level 1 in Unarmed Combat
  1994 | D:2      | Reached ** piety under Lugonu
  2273 | D:2      | Gained mutation: You have a pair of horns on your head.
                  | [demonic ancestry]
  2273 | D:2      | Reached XP level 5. HP: 36/41 MP: 6/6
  2690 | D:2      | Found a hazy altar of Hepliaklqana.
  2693 | D:2      | Found a shimmering blue altar of Sif Muna.
  4036 | D:4      | Killed from afar by an orc priest

Illustrated notes

Levels and vault maps discovered:
D:1:      nagdon_arrival_double_spiral, layout_rooms, item_on_display_a
D:2:      layout_loops_ring, nicolae_overflow_hidden_temple, kennysheep_path_1,
          grunt_ministairs_6, minmay_misc_feat_room
D:3:      layout_basic
D:4:      layout_basic, nicolae_overflow_crystal_walls

Skill      XL: |  1  2  3  4 |
---------------+-------------+-----
Axes           | 2 3 4 |  4.0
Unarmed Combat | 2 |  2.9
Fighting       | |  3.0
Armour         | |  1.7
Dodging        | |  0.8
Invocations    | |  2.4

Action                   |  1- 3 |  4- 6 || total
-------------------------+-------+-------++-------
Melee: Hand axe          |    92 |    52 ||   144
       Headbutt          |     7 |    14 ||    21
       Unarmed           |       |   106 ||   106
Throw: Stone             |     4 |       ||     4
Invok: Depart the Abyss  |     1 |       ||     1
  Use: Scroll            |       |     9 ||     9
       Potion            |       |     2 ||     2
Armor: Leather armour    |    29 |     2 ||    31
       Chain mail        |       |    99 ||    99
       Skin              |       |     2 ||     2
Dodge: Dodged            |    77 |    23 ||   100
Block: Kite shield       |       |    67 ||    67

Table legend: (Time is in decaauts)
 A = Elapsed time spent in this place.
 B = Non-inter-level travel time spent in this place.
 C = Inter-level travel time spent in this place.
 D = Time resting spent in this place.
 E = Time spent auto-exploring this place.
 F = Levels seen in this place.
 G = Mean time per level.
                   A        B        C        D        E       F      G
               +--------+--------+--------+--------+--------+-----+--------+
         Total |   4094 |   3868 |    226 |     42 |   3221 |   5 |  818.8 |
       Dungeon |   4094 |   3868 |    226 |     42 |   3221 |   4 | 1023.5 |
         Abyss |      0 |      0 |      0 |      0 |      0 |   1 |    0.0 |
               +--------+--------+--------+--------+--------+-----+--------+

Top non-repeatable levels by time:
     D:2: 2045 daAuts
     D:3: 1229 daAuts
     D:1: 793 daAuts
     D:4: 26 daAuts
